 Dungeon Crawl Stone Soup version 0.31.0-12-g77e489cdc1 (webtiles) character file.

Game seed: 9280488117101411777

5674 Silvore the Basher (level 10, -11/80 (88) HPs)
             Began as a Minotaur Fighter on Feb 28, 2024.
             Was a Priest of Zin.
             Mangled by a skeletal warrior
             ... wielding a +1 dire flail of draining
              (14 damage)
             ... on level 9 of the Dungeon.
             The game lasted 00:11:25 (8731 turns).

Silvore the Basher (Minotaur Fighter)               Turns: 8731, Time: 00:11:25

HP:   -11/80 (88)   AC: 19    Str: 25    XL:     10   Next: 47%
MP:   8/10          EV:  8    Int:  6    God:    Zin [***...]
Gold: 279           SH: 11    Dex: 12    Spells: 9/9 levels left

rFire   . . .        D - +4 morningstar
rCold   . . .        c - +0 buckler
rNeg    . . .        x - +0 plate armour
rPois   ∞            (helmet restricted)
rElec   .            (no cloak)
rCorr   .            j - +0 pair of gloves
SInv    .            (no boots)
Will    .....        p - amulet of reflection Stlth
                     k - +4 ring of protection
HPRegen 0.33/turn    (no ring)
MPRegen 0.12/turn

%: reflection
@: vitalised, drained
A: horns 2, retaliatory headbutt
a: Renounce Religion, Recite, Vitalisation, Imprison, Donate Gold


You were on level 9 of the Dungeon.
You worshipped Zin.
Zin was most pleased with you.
You visited 2 branches of the dungeon, and saw 11 of its levels.

You collected 482 gold pieces.
You donated 203 gold pieces to Zin.

Inventory:

Hand Weapons
 a - a +0 flail of draining
 d - a +0 mace
 s - a +1 flail of protection
 u - a +5 mace of freezing
 D - a +4 morningstar (weapon)
Missiles
 g - a throwing net (quivered)
Armour
 b - a +0 scale mail
 c - a +0 buckler (worn)
 f - a +0 chain mail
 j - a +0 pair of gloves (worn)
 x - a +0 plate armour (worn)
Jewellery
 e - a ring of ice
 k - a +4 ring of protection (left hand)
 n - a ring of fire
 p - an amulet of reflection (around neck)
 q - an amulet of faith
 r - a +6 ring of dexterity
 C - a +4 ring of protection
Wands
 t - a wand of digging (6)
 y - a wand of flame (32)
 A - a wand of roots (9)
 H - a wand of mindburst (5)
Scrolls
 i - a scroll of fog
 o - 2 scrolls of blinking
 w - 2 scrolls of teleportation
 E - a scroll of poison
Potions
 h - a potion of berserk rage
 l - 3 potions of brilliance
 m - a potion of cancellation
 z - a potion of haste
 B - 2 potions of curing
 F - a potion of lignification
 G - a potion of enlightenment


   Skills:
 + Level 7.6 Fighting
 + Level 11.3 Maces & Flails
 + Level 9.1 Armour
 + Level 3.2 Dodging
 + Level 1.7 Stealth
 + Level 10.0 Shields
 + Level 2.3 Invocations


You had 9 spell levels left.
You didn't know any spells.
Your spell library contained the following spells:

 Spells                   Type           Power      Damage    Failure   Level
 Slow                     Hex            0%         N/A       99%         1
 Jinxbite                 Hex            0%         N/A       100%        2
 Sublimation of Blood     Necr           0%         N/A       100%        2
 Confusing Touch          Hex            0%         N/A       100%        3
 Sigil of Binding         Hex            0%         N/A       100%        3
 Tukima's Dance           Hex            0%         N/A       100%        3
 Vampiric Draining        Necr           0%         2d6       100%        3
 Passage of Golubria      Tloc           0%         N/A       100%        4
 Petrify                  Alch/Erth      0%         N/A       100%        4
 Irradiate                Conj/Alch      0%         3d11      100%        5
 Yara's Violent Unravell  Hex/Alch       0%         3d3       100%        5
 Enfeeble                 Hex            0%         N/A       100%        7


Dungeon Overview and Level Annotations

Branches:
Dungeon (10/15)            Temple (1/1) D:6
   Lair: D:8-11         Orc: D:9-12

Altars:
Ashenzari
Cheibriados
Dithmenos
Elyvilon
Fedhas
Gozag
Hepliaklqana
Kikubaaqudgha
Makhleb
Nemelex Xobeh
Okawaru
Qazlal
Ru
Sif Muna
Trog
Uskayaw
Vehumet
Wu Jian
Xom
Yredelemnul
Zin
The Shining One

Shops:
D:3 (   D:6 *


Innate Abilities, Weirdness & Mutations

You have a pair of horns on your head.
You reflexively headbutt those who attack you in melee.


Message History

You resist with some effort.
The basilisk bites you but does no damage.
The basilisk completely misses you.
The skeletal warrior hits you but does no damage.
The basilisk bites you.
The skeletal warrior hits you with a +1 dire flail of draining!!
The basilisk bites you but does no damage.
The skeletal warrior hits you with a +1 dire flail of draining.
The basilisk bites you but does no damage.
The skeletal warrior hits you with a +1 dire flail of draining!
The basilisk bites you!
The skeletal warrior hits you with a +1 dire flail of draining!
The basilisk gazes at you. You resist with some effort.
The skeletal warrior hits you but does no damage.
You turn to flesh and can move again.
The basilisk gazes at you. You resist with some effort.
The skeletal warrior attacks as it pursues you!
The skeletal warrior hits you with a +1 dire flail of draining!
You feel drained.
Unknown command.
Unknown command.
You block the skeletal warrior's attack.
There is a stone staircase leading up here.
The skeletal warrior hits you with a +1 dire flail of draining.
You feel drained. You block the basilisk's attack.
You climb upwards.
There is a stone staircase leading down here.
You hit the basilisk.
The basilisk is lightly wounded.
The skeletal warrior hits you with a +1 dire flail of draining!!
* * * LOW HITPOINT WARNING * * *
You feel drained.
* * * LOW HITPOINT WARNING * * *
The basilisk bites you! Zin protects you from harm!
Zin grants you divine stamina.
The skeletal warrior hits you with a +1 dire flail of draining!
You die...

#....# ######### #....#
#.....[.# #....#
#.......# ###....##
#.......# ....<...#
#.......# ###.....#
#.......# # #.....#
##.......#
###.....####...z....####
................@l.....#
.######.####.###.#####.#
.######.# #.# #.#####.#
........# #.# #.......#
############.###.#######
#.....##.##[...#
#.)...##..))...#
#.....#..)#.#####
#####.....#...+##...##


You could see a skeletal warrior and a basilisk.

Vanquished Creatures
  Pikel (D:6)
  A hornet (D:9)
  3 slime creatures (D:9)
  A vampire (D:9)
  4 yaks (D:8)
  A wyvern (D:8)
  3 water moccasins
  An ice beast (D:7)
  3 orc warriors
  A black bear (D:4)
  A centaur (D:9)
  A phantom (D:5)
  2 kobold brigands
  A bullfrog (D:9)
  2 scorpions
  2 necrophages (D:7)
  A wyvern zombie (D:7)
  7 wights
  4 killer bees (D:9)
  7 howler monkeys
  5 jellies
  A hound (D:5)
  A human zombie (D:7)
  2 bombardier beetles
  A gnoll bouda (D:5)
  9 orc priests
  3 sleepcaps
  7 iguanas
  7 orc wizards
  A killer bee zombie (D:7)
  3 mummies (D:7)
  A howler monkey zombie (D:7)
  6 adders
  14 gnolls
  A shadow imp (D:8)
  A white imp (D:7)
  6 ufetubi
  A dart slug (D:1)
  28 orcs
  6 endoplasms
  7 giant cockroaches
  5 goblins
  9 hobgoblins
  7 jackals (D:4)
  14 kobolds
  5 quokkas
  5 ball pythons
  5 bats
  2 frilled lizards (D:1)
  5 rats
215 creatures vanquished.

Notes
Turn   | Place    | Note
-------+----------+-------------------------------------------
     0 | D:1      | Silvore the Minotaur Fighter began the quest for the Orb.
     0 | D:1      | Reached XP level 1. HP: 19/19 MP: 0/0
   129 | D:1      | Reached XP level 2. HP: 27/27 MP: 1/1
   387 | D:1      | Reached XP level 3. HP: 31/33 MP: 2/2
  1444 | D:3      | Found an opulent altar of Gozag.
  1547 | D:3      | Reached skill level 3 in Maces & Flails
  1578 | D:3      | Reached XP level 4. HP: 41/41 MP: 3/3
  1833 | D:3      | Reached skill level 4 in Maces & Flails
  1834 | D:3      | Found Coumar's Antique Weapon Emporium.
  1923 | D:3      | Found a shimmering blue altar of Sif Muna.
  1978 | D:3      | Reached XP level 5. HP: 47/47 MP: 4/4
  1989 | D:3      | Found a faded altar of an unknown god.
  2379 | D:4      | Reached skill level 5 in Fighting
  2786 | D:4      | Reached skill level 5 in Maces & Flails
  2786 | D:4      | Reached XP level 6. HP: 51/56 MP: 5/5
  2848 | D:4      | Reached skill level 6 in Maces & Flails
  3257 | D:5      | Entered Level 5 of the Dungeon
  3331 | D:5      | Reached skill level 5 in Armour
  3331 | D:5      | Reached skill level 1 in Dodging
  3331 | D:5      | Reached XP level 7. HP: 56/61 MP: 6/6
  3376 | D:5      | Reached skill level 7 in Maces & Flails
  3376 | D:5      | Reached skill level 5 in Shields
  3400 | D:5      | Found a burning altar of Makhleb.
  3782 | D:5      | Reached XP level 8. HP: 70/70 MP: 7/7
  3860 | D:6      | Found a staircase to the Ecumenical Temple.
  3907 | D:6      | Noticed Pikel
  3916 | D:6      | Killed Pikel
  3917 | D:6      | Reached skill level 8 in Maces & Flails
  4141 | Temple   | Entered the Ecumenical Temple
  4151 | Temple   | Became a worshipper of Elyvilon the Healer
  4609 | D:6      | Found Viewn's Assorted Antiques.
  4673 | D:6      | Identified the orb "Lifas" {guile, rC+ Int+7}
  4758 | D:6      | Reached * piety under Elyvilon
  4974 | D:6      | Found a glowing silver altar of Zin.
  5118 | D:6      | Fell from the grace of Elyvilon
  5118 | D:6      | Became a worshipper of Zin the Law-Giver
  5118 | D:6      | Reached * piety under Zin
  5118 | D:6      | Reached ** piety under Zin
  5119 | D:6      | Donated 155 gold pieces to Zin
  5148 | D:7      | Found a shimmering altar of Xom.
  5325 | D:7      | Reached XP level 9. HP: 75/75 MP: 8/8
  5359 | D:7      | Reached skill level 9 in Maces & Flails
  5451 | D:7      | Found a hazy altar of Hepliaklqana.
  5633 | D:7      | Reached skill level 1 in Invocations
  5651 | D:7      | Found a basalt altar of Yredelemnul.
  5679 | D:7      | Reached skill level 10 in Maces & Flails
  5881 | D:7      | Found a sacrificial altar of Ru.
  5890 | D:7      | Found a stormy altar of Qazlal.
  5891 | D:7      | Found a shadowy altar of Dithmenos.
  5891 | D:7      | Found an ancient bone altar of Kikubaaqudgha.
  5892 | D:7      | Found a radiant altar of Vehumet.
  5936 | D:7      | Found a hide-covered altar of Uskayaw.
  6193 | D:8      | Reached skill level 1 in Stealth
  6488 | D:8      | Reached XP level 10. HP: 53/86 MP: 10/10
  8090 | D:9      | Reached skill level 11 in Maces & Flails
  8207 | D:9      | Reached *** piety under Zin
  8283 | D:9      | Reached skill level 10 in Shields
  8423 | D:9      | Found a sparkling altar of Nemelex Xobeh.
  8705 | D:10     | Entered Level 10 of the Dungeon
  8710 | D:10     | Noticed a skeletal warrior
  8710 | D:10     | Noticed a two-headed ogre
  8730 | D:9      | HP: 3/80 [skeletal warrior/+1 dire flail of draining (4)]
  8730 | D:9      | Zin protects you from harm!
  8731 | D:9      | Mangled by a skeletal warrior

Illustrated notes

Levels and vault maps discovered:
D:1:      spicycebolla_arrival_xxxplode, layout_basic, minmay_close_crescents
D:2:      layout_basic
D:3:      layout_loops_ring, nicolae_overflow_hidden_temple,
          mainiacjoe_overflow_tiny_flanked, serial_shops, shop,
          chequers_ecumenical_altar_twisty
D:4:      layout_basic, chequers_serial_rivers_small_b,
          hangedman_abyss_or_decor_passed
D:5:      layout_basic, overflow_temple_1_default
D:6:      nicolae_BIG_FREAKIN_CUBE, layout_basic, zin_statuary,
          minmay_temple_entry_proselytizer, serial_shops, nicolae_square_shop,
          uniq_pikel
D:7:      layout_loops_ring, nicolae_ru_path_of_blood,
          mainiacjoe_overflow_concentric_impassable,
          eat_drink_and_be_merry_uskayaw,
          chequers_temple_overflow_statue_of_worship, dk_xom_monty_hall,
          lemuel_mausoleum_altar_yredelemnul, hangedman_decor_peaks_small
D:8:      layout_gridville
D:9:      layout_basic, nemelex_spade_bored_becter, minmay_misc_feat_alley,
          nrook_uturn
D:10:     cheibrodos_elevator_heist, layout_stronghold, hellmonk_lair_entry_icy,
          gammafunk_ghost_hydra_chop, uniq_harold
Temple:   hellmonk_temple_rainy

Skill      XL: |  1  2  3  4  5  6  7  8  9 10 |
---------------+-------------------------------+-----
Armour         | 4 5 6 8 9 |  9.1
Fighting       | 4 5 6 7 |  7.6
Shields        | 4 5 8 9 10 | 10.0
Maces & Flails | 3 4 5 6 7 8 10 11 | 11.3
Dodging        | 1 2 3 |  3.2
Invocations    | 2 |  2.3
Stealth        | 1 |  1.7

Action                     |  1- 3 |  4- 6 |  7- 9 | 10-12 || total
---------------------------+-------+-------+-------+-------++-------
  Melee: Flail             |    98 |   136 |   192 |       ||   426
         Headbutt          |    10 |    20 |    64 |    20 ||   114
         Mace              |       |       |   106 |    28 ||   134
         Morningstar       |       |       |       |    59 ||    59
 Invoke: Recite            |       |       |     5 |     2 ||     7
         Donate Gold       |       |       |     1 |       ||     1
         Vitalisation      |       |       |       |     1 ||     1
    Use: Scroll            |     3 |     6 |     3 |     5 ||    17
         Potion            |       |       |     2 |     1 ||     3
   Stab: Confused          |       |       |     2 |       ||     2
         Invisible         |       |       |     1 |       ||     1
 Armour: Scale mail        |    38 |       |       |       ||    38
         Chain mail        |    41 |    98 |   232 |       ||   371
         Plate armour      |       |       |    15 |   102 ||   117
  Dodge: Dodged            |    51 |    50 |   108 |    37 ||   246
  Block: Buckler           |    23 |    57 |   190 |    64 ||   334
         Reflection        |       |       |     2 |     1 ||     3
